 Dungeon Crawl Stone Soup version 0.18.1-8-gdd0e5ea (webtiles) character file.

30641 jacquesderrida the Spear-Bearer (level 13, -12/103 HPs)
             Began as a Demonspawn Skald on May 22, 2016.
             Was an Elder of Ashenzari.
             Mangled by a swamp worm (16 damage)
             ... on level 7 of the Lair of Beasts.
             The game lasted 00:54:00 (8869 turns).

jacquesderrida the Spear-Bearer (Demonspawn Skald)  Turns: 8869, Time: 00:54:02

Health: -12/103    AC: 10    Str: 16    XL:     13   Next: 21%
Magic:  16/16      EV: 18    Int: 15    God:    Ashenzari [****..]
Gold:   943        SH:  0    Dex: 17    Spells: 3 memorised, 9 levels left

rFire  . . .     SeeInvis +     p - +3 demon trident (freeze) (curse)
rCold  + + .     Gourm    +     y - +0 leather armour {rC+}
rNeg   . . .     Faith    .     (no shield)
rPois  .         Spirit   .     w - +1 helmet
rElec  .         Dismiss  .     (no cloak)
rCorr  .         Reflect  .     (no gloves)
SustAt .         Harm     .     (no boots)
MR     .....     Clarity  +     H - amulet of the gourmand
Stlth  +.........               z - +4 ring of strength
                                N - +1 ring of evasion

@: hasted, very quick, not resistant to hostile enchantments, very unstealthy
A: claws 1, icy blue scales 3, demonic guardian 1, powered by death 2
a: Curse Item, Scrying, Renounce Religion


You were on level 7 of the Lair of Beasts.
You worshipped Ashenzari.
Ashenzari was greatly pleased with you.
You were not hungry.

You visited 3 branches of the dungeon, and saw 21 of its levels.
You also visited: Sewer.

You collected 998 gold pieces.
You spent 55 gold pieces at shops.

Inventory:

Hand Weapons
 b - a +0 halberd
 i - a +3 spear of freezing
 p - a cursed +3 demon trident of freezing (weapon)
Missiles
 g - 4 javelins (quivered)
Armour
 w - a +1 helmet (worn)
 y - a +0 leather armour of cold resistance (worn)
 O - a +2 robe of fire resistance
Magical Staves
 t - an uncursed staff of energy
Jewellery
 z - a +4 ring of strength (right claw)
 E - an uncursed ring of stealth
 G - an uncursed ring of resist corrosion
 H - an amulet of the gourmand (around neck)
 N - a +1 ring of evasion (left claw)
 X - an uncursed ring of protection from fire
Wands
 j - a wand of random effects (5/48)
 q - a wand of digging (16/24)
 u - a wand of confusion (29/48)
 C - a wand of slowing (35/48)
 R - a wand of polymorph (12/24)
Scrolls
 a - 5 scrolls of enchant weapon
 f - 7 scrolls of remove curse
 k - 3 scrolls of recharging
 m - a scroll of immolation
 o - 3 scrolls of enchant armour
 r - a scroll of amnesia
 x - 4 scrolls of fog
 D - 5 scrolls of teleportation
 M - a scroll of random uselessness
 T - a scroll of magic mapping
Potions
 e - 3 potions of cure mutation
 h - 5 potions of berserk rage
 n - a potion of flight
 s - 6 potions of curing
 A - 3 potions of agility
 B - 3 potions of haste
 I - 3 potions of might
 J - 5 potions of brilliance
 L - 2 potions of magic
Books
 P - a book of Cantrips

   Spells                             Type                      Level
   a - Corona                         Hexes                        1
   b - Animate Skeleton               Necromancy                   1
   c - Summon Small Mammal            Summoning                    1
   d - Apportation                    Translocation                1
Miscellaneous
 K - a phantom mirror
Comestibles
 d - 10 bread rations
 l - 8 fruits
 v - a beef jerky
 F - 4 meat rations
 Q - a royal jelly


   Skills:
 + Level 10.1 Fighting
 - Level 11.7(14.8) Polearms
 + Level 5.5 Armour
 + Level 9.1 Dodging
 - Level 0.2 Stealth
 - Level 2.0 Spellcasting
 - Level 3.5 Hexes
 + Level 9.8 Charms
 - Level 4.0 Necromancy


You had 9 spell levels left.
You knew the following spells:

 Your Spells              Type           Power        Failure   Level  Hunger
a - Infusion              Chrm           ####         1%          1    #......
b - Spectral Weapon       Hex/Chrm       ###.....     6%          3    ###....
r - Regeneration          Chrm/Necr      ###.......   6%          3    ###....


Dungeon Overview and Level Annotations

Branches:
Dungeon (13/15)            Temple (1/1) D:6            Lair (7/8) D:9
 Shoals (0/4) Lair:6        Snake (0/4) Lair:5        Slime (0/6) Lair:6
    Orc (0/2) D:10
 Vaults: D:13-14

Altars:
Ashenzari
Dithmenos
Elyvilon
Gozag
Nemelex Xobeh
Pakellas
Qazlal
Ru
Sif Muna
Trog
Vehumet
Xom
Yredelemnul
Zin
The Shining One

Shops:
D:6 !

Annotations:
D:3 Terence; ThereIsNoGod's ghost, amateur OpAs
D:12 exclusion: orange crystal statue
Lair:7 exclusion: oklob plant


Innate Abilities, Weirdness & Mutations

You have sharp fingernails.
You are completely covered in icy blue scales (AC +4, EV -1, rC+).
A weak demonic guardian rushes to your aid.
You regenerate health from kills.


Message History

Read which item? (? for menu, Esc to quit)
Okay, then.
Drink which item? (? for menu, Esc to quit)
Okay, then.
Read which item? (? for menu, Esc to quit)
Okay, then.
Drink which item? (? for menu, Esc to quit)
Okay, then.
Evoke which item? (* to show all) (? for menu, Esc to quit)
Okay, then.
Read which item? (? for menu, Esc to quit)
Okay, then.
Drink which item? (? for menu, Esc to quit)
You feel yourself speed up. The swamp worm misses you.
The swamp worm barely misses you. The swamp worm bites you.
* * * LOW HITPOINT WARNING * * *
The swamp worm bites you.
* * * LOW HITPOINT WARNING * * *
The swamp worm bites you!
You die...

,, .##.)........### ,
+............... *
,#..#............, ,
#...........≈≈. * ,,
......≈.≈≈≈≈≈≈≈ , ,
#...≈≈≈≈≈≈≈≈≈≈ *
##..†≈≈#######≈ * * *
*#..†≈≈P#≈≈5w≈## ≈≈* *
* ##..≈≈≈††≈†@w}#{≈#
#.≈≈≈≈P#≈≈≈ww##≈≈#
##≈≈≈≈≈#######≈≈≈# ,**
#≈≈#≈≈≈≈≈≈≈≈≈≈≈≈P#
##..≈.P≈≈≈≈≈≈≈≈P.# ..
*#.........†..PP..#
.., #................#
.+ .................##
.#*###..##........PP.#


You could see 4 swamp worms and a friendly white imp.

Vanquished Creatures
  Maud (Lair:3)
  3 hydras
  2 death yaks (Lair:4)
  An unseen horror (D:12)
  A deep elf mage (D:12)
  A griffon (Lair:3)
  2 sirens (Lair:6)
  An elephant (Lair:4)
  A black mamba (Lair:3)
  A torpor snail (Lair:5)
  Psyche (D:9)
  3 spiny frogs
  A gargoyle (D:10)
  3 rime drakes
  3 komodo dragons
  2 trolls
  2 merfolk (Lair:6)
  A two-headed ogre (D:13)
  5 polar bears
  3 slime creatures (D:11)
  Prince Ribbit (Lair:3)
  A boulder beetle (Lair:6)
  16 blink frogs
  A wraith (D:11)
  A human (D:9)
  A wyvern (D:11)
  23 yaks
  A hungry ghost (D:8)
  A basilisk (Lair:3)
  8 hippogriffs
  3 wargs (D:10)
  2 swamp worms (Lair:7)
  2 nagas (Lair:5)
  9 water moccasins
  8 porcupines
  2 ice beasts (D:8)
  3 black bears
  Purgy (Sewer)
  An orc warrior (D:7)
  A phantom (D:7)
  A sky beast (D:11)
  4 ogres
  6 wolves (Lair:4)
  4 centaurs
  7 crocodiles
  10 giant frogs
  3 scorpions
  2 water moccasin skeletons
  7 killer bees
  4 wights (D:11)
  7 howler monkeys
  3 crimson imps
  2 centaur zombies (D:11)
  3 giant frog zombies
  A jelly (D:6)
  A gnoll shaman (D:5)
  2 centaur skeletons
  2 hounds
  An orc priest (D:7)
  3 giant frog skeletons
  8 iguanas
  Ijyb (D:2)
  5 orc wizards
  6 hell rats (Lair:4)
  4 worker ants
  19 sheep
  2 hound skeletons
  4 gnolls (D:5)
  10 river rats
  10 adders
  3 shadow imps
  2 oozes
  An adder zombie (D:6)
  An adder skeleton (D:7)
  13 worms
  2 dart slugs
  A giant gecko (D:6)
  21 orcs
  2 giant cockroaches (D:4)
  5 goblins
  5 hobgoblins
  2 jackals (D:8)
  2 quokkas
  A ball python (D:7)
  15 bats
  A giant gecko zombie (D:8)
  6 giant newts
  A jackal skeleton (D:5)
  5 kobolds
  2 quokka skeletons
  4 rats
  A bush (Lair:6)
  4 fungi
  3 plants
369 creatures vanquished.

Vanquished Creatures (collateral kills)
  A spiny frog (Lair:3)
  A polar bear (Lair:4)
  2 yaks (Lair:4)
  A wyvern (D:11)
  A hungry ghost (D:9)
  A giant frog (Lair:4)
  An adder skeleton (D:9)
  An orc (D:12)
9 creatures vanquished.

Vanquished Creatures (others)
  A yak (Lair:4)
  3 fungi
  2 plants
  12 spectral weapons
18 creatures vanquished.

Grand Total: 396 creatures vanquished

Notes
Turn   | Place    | Note
--------------------------------------------------------------
     0 | D:1      | jacquesderrida the Demonspawn Skald began the quest for the Orb.
     0 | D:1      | Reached XP level 1. HP: 16/16 MP: 3/3
   104 | D:1      | Reached skill level 1 in Armour
   239 | D:1      | Gained mutation: You regenerate a little health from kills. [demonic ancestry]
   239 | D:1      | Reached XP level 2. HP: 16/22 MP: 5/5
   262 | D:1      | Reached skill level 2 in Polearms
   465 | D:2      | Reached XP level 3. HP: 27/27 MP: 6/6
   477 | D:2      | Noticed Ijyb
   498 | D:2      | Killed Ijyb
   498 | D:2      | Reached skill level 3 in Polearms
   506 | D:2      | Learned a level 3 spell: Spectral Weapon
   571 | D:2      | Gained mutation: You are partially covered in icy blue scales (AC +1). [demonic ancestry]
   571 | D:2      | Reached XP level 4. HP: 29/33 MP: 7/7
   643 | D:3      | Noticed ThereIsNoGod's ghost (amateur OpAs)
   682 | D:2      | Learned a level 3 spell: Regeneration
   991 | D:3      | Found a glowing golden altar of the Shining One.
  1005 | D:3      | Found a shimmering altar of Xom.
  1052 | D:3      | Found a sacrificial altar of Ru.
  1114 | D:3      | Found a basalt altar of Yredelemnul.
  1355 | D:4      | Reached skill level 4 in Polearms
  1355 | D:4      | Reached skill level 1 in Hexes
  1371 | D:4      | Reached XP level 5. HP: 38/38 MP: 5/8
  1379 | D:4      | Reached skill level 1 in Necromancy
  1564 | D:3      | Noticed Terence
  1647 | D:4      | Noticed an ogre
  1657 | D:4      | Killed an ogre
  1700 | D:4      | Reached XP level 6. HP: 40/44 MP: 9/9
  1799 | D:5      | Entered Level 5 of the Dungeon
  1899 | D:5      | Found a sparkling altar of Nemelex Xobeh.
  2020 | D:5      | Reached skill level 5 in Polearms
  2286 | D:5      | Noticed an ice beast
  2430 | D:5      | Found a glowing drain.
  2452 | Sewer    | Entered a sewer
  2504 | Sewer    | Noticed Purgy
  2517 | Sewer    | Killed Purgy
  2517 | Sewer    | Gained mutation: You are mostly covered in icy blue scales (AC +3, EV -1). [demonic ancestry]
  2517 | Sewer    | Reached XP level 7. HP: 31/50 MP: 7/10
  2597 | D:6      | Found Kirchekep's Distillery.
  2624 | D:6      | Bought a potion of heal wounds for 55 gold pieces
  2693 | D:6      | Found a staircase to the Ecumenical Temple.
  2702 | Temple   | Entered the Ecumenical Temple
  2805 | Temple   | Became a worshipper of Ashenzari the Shackled
  3126 | D:7      | Reached skill level 6 in Polearms
  3228 | D:8      | Reached skill level 1 in Dodging
  3339 | D:8      | Noticed a hungry ghost
  3359 | D:8      | Killed a hungry ghost
  3359 | D:8      | Gained mutation: A weak demonic guardian rushes to your aid. [demonic ancestry]
  3359 | D:8      | Reached XP level 8. HP: 51/57 MP: 8/11
  3496 | D:7      | Reached * piety under Ashenzari
  3734 | D:7      | Reached skill level 7 in Polearms
  4052 | D:8      | Gained mutation: You have sharp fingernails. [demonic ancestry]
  4052 | D:8      | Reached XP level 9. HP: 58/65 MP: 8/12
  4150 | D:9      | Noticed a troll
  4155 | D:9      | Killed a troll
  4155 | D:9      | Reached skill level 8 in Polearms
  4313 | D:9      | Reached skill level 5 in Charms
  4448 | D:9      | Noticed Psyche
  4570 | D:9      | Killed Psyche
  4570 | D:9      | Reached skill level 5 in Fighting
  4570 | D:9      | Reached skill level 9 in Polearms
  4582 | D:10     | Entered Level 10 of the Dungeon
  4636 | D:10     | Found a staircase to the Orcish Mines.
  4774 | D:10     | Gained mutation: You are completely covered in icy blue scales (AC +4, EV -1, rC+). [demonic ancestry]
  4774 | D:10     | Reached XP level 10. HP: 74/74 MP: 9/13
  5067 | D:11     | Reached skill level 5 in Dodging
  5281 | D:11     | Reached ** piety under Ashenzari
  5571 | D:11     | Reached skill level 10 in Polearms
  5717 | D:12     | Killed an unseen horror
  5770 | D:12     | Noticed a deep elf mage
  5784 | D:12     | Killed a deep elf mage
  5908 | D:12     | Noticed an orange crystal statue
  5990 | D:13     | Noticed a sun demon
  5995 | D:13     | Noticed a sun demon
  5997 | D:13     | Noticed an orange demon
  6100 | D:12     | Reached XP level 11. HP: 80/83 MP: 10/14
  6499 | D:9      | Found a staircase to the Lair.
  6539 | Lair:1   | Entered Level 1 of the Lair of Beasts
  6746 | Lair:1   | Reached *** piety under Ashenzari
  6750 | Lair:1   | Noticed a four-headed hydra
  6804 | Lair:1   | Killed a four-headed hydra
  6966 | Lair:2   | Reached skill level 11 in Polearms
  7181 | Lair:3   | Noticed a griffon
  7204 | Lair:3   | Killed a griffon
  7259 | Lair:3   | Noticed Prince Ribbit
  7276 | Lair:3   | Killed Prince Ribbit
  7311 | Lair:3   | Noticed Maud
  7358 | Lair:3   | Killed Maud
  7710 | Lair:4   | Reached XP level 12. HP: 93/93 MP: 9/15
  7756 | Lair:4   | Noticed a death yak
  7762 | Lair:4   | Noticed a death yak
  7765 | Lair:4   | Killed a death yak
  7774 | Lair:4   | Killed a death yak
  8011 | Lair:5   | Noticed a six-headed hydra
  8066 | Lair:5   | Killed a six-headed hydra
  8103 | Lair:5   | Reached **** piety under Ashenzari
  8204 | Lair:5   | Found a staircase to the Snake Pit.
  8257 | Lair:5   | Identified the +3 quarterstaff of Crusades {crush, *Contam rPois Dex+3}
  8382 | Lair:6   | Noticed a four-headed hydra
  8387 | Lair:6   | Killed a four-headed hydra
  8394 | Lair:6   | Gained mutation: You regenerate health from kills. [demonic ancestry]
  8394 | Lair:6   | Reached XP level 13. HP: 93/103 MP: 16/16
  8536 | Lair:6   | Reached skill level 5 in Armour
  8596 | Lair:6   | Found a staircase to the Shoals.
  8606 | Lair:6   | Reached skill level 10 in Fighting
  8869 | Lair:7   | HP: 4/103 [swamp worm (3)]
  8869 | Lair:7   | Mangled by a swamp worm

Skill      XL: |  1  2  3  4  5  6  7  8  9 10 11 12 13 |
---------------+----------------------------------------+-----
Armour         | 1 4 5 |  5.5
Charms         | 3 4 5 6 8 9 |  9.8
Polearms       | 2 3 4 5 6 7 9 10 11 | 11.7
Hexes          | 1 2 3 |  3.5
Necromancy     | 2 3 4 |  4.0
Dodging        | 1 3 4 6 7 8 9 |  9.1
Fighting       | 3 5 6 8 9 10 | 10.1
Stealth        | |  0.2
Spellcasting   | |  2.0

Action                   |  1- 3 |  4- 6 |  7- 9 | 10-12 | 13-15 || total
-------------------------+-------+-------+-------+-------+-------++-------
Melee: Spear             |   107 |   183 |   376 |   445 |       ||  1111
       Demon trident     |       |       |       |   287 |   145 ||   432
 Cast: Infusion          |     1 |     2 |       |       |       ||     3
       Spectral Weapon   |       |     4 |    25 |    49 |     8 ||    86
       Regeneration      |       |       |     3 |    10 |     1 ||    14
Invok: Curse Item        |       |       |     1 |     1 |       ||     2
       Scrying           |       |       |       |     1 |       ||     1
Evoke: Wand              |       |       |     9 |    16 |       ||    25
  Use: Scroll            |     1 |    12 |     2 |    15 |     2 ||    32
       Potion            |       |       |     2 |     4 |     1 ||     7
 Stab: Sleeping          |     2 |     1 |     3 |       |       ||     6
       Distracted        |       |     1 |     5 |    13 |     1 ||    20
       Paralysed         |       |       |    11 |       |       ||    11
       Invisible         |       |       |       |    10 |       ||    10
  Eat: Chunk             |       |     6 |    11 |     9 |     3 ||    29
       Beef jerky        |       |       |     1 |       |       ||     1
       Pizza             |       |       |     2 |     3 |       ||     5
       Fruit             |       |       |       |     4 |       ||     4
       Meat ration       |       |       |       |     1 |       ||     1
Armor: Leather armour    |    26 |    59 |    75 |   100 |     6 ||   266
Dodge: Dodged            |    42 |    99 |   132 |   213 |    38 ||   524
